 Dungeon Crawl Stone Soup version 0.31-a0-841-g038b102fc3 (webtiles) character file.

Game seed: 6681823266144768150

85 night the Ruffian (level 4, -13/34 HPs)
             Began as a Demonspawn Shapeshifter on Sept 22, 2023.
             Mangled by Crazy Yiuf
             ... wielding a +3 quarterstaff of chaos
              (15 damage)
             ... on level 2 of the Dungeon on Sept 27, 2023.
             The game lasted 00:03:11 (1254 turns).

night the Ruffian (Demonspawn Shapeshifter)         Turns: 1254, Time: 00:03:12

Health: -13/34     AC:  2    Str: 14    XL:     4   Next: 25%
Magic:  4/4        EV: 12    Int: 14    God:
Gold:   33         SH:  0    Dex: 12    Spells: 3/3 levels left

rFire   . .          .
                       - Unarmed
rCold   . . .        (no shield)
rNeg    . . .        a - +0 animal skin
rPois   .            k - melded +0 helmet
rElec   .            (cloak currently unavailable)
rCorr   .            (gloves currently unavailable)
SInv    .            (boots currently unavailable)
Will    .....        (no amulet)
Stlth   +            (no ring)
HPRegen 0.25/turn    (no ring)
MPRegen 0.09/turn

%: no passive effects
@: beast-form, invisible
A: beast (slay +1), icemail 1, condensation shield
a: Begin Untransformation


You were on level 2 of the Dungeon.
You were a hulking beast.
You visited 1 branch of the dungeon, and saw 2 of its levels.

You collected 33 gold pieces.

Inventory:

Missiles
 h - 14 stones
Armour
 a - a +0 animal skin (worn)
 k - a +0 helmet (melded)
Talismans
 c - a beast talisman (active)
 d - a flux talisman
Scrolls
 g - a scroll of amnesia {unknown}
 j - a scroll of identify {unknown}
Potions
 b - a potion of lignification
 f - a potion of brilliance {unknown}
 i - a potion of heal wounds {unknown}
 l - a potion of curing {unknown}


   Skills:
 + Level 2.4 Fighting
 - Level 1.7 Dodging
 + Level 3.4 Unarmed Combat
 + Level 3.3 Shapeshifting


You had 3 spell levels left.
You didn't know any spells.
Your spell library contained the following spells:

 Spells                   Type           Power      Damage    Failure   Level
 Lesser Beckoning         Tloc           0%         N/A       41%         2
 Gell's Gravitas          Tloc           0%         N/A       65%         3
 Teleport Other           Tloc           0%         N/A       65%         3


Dungeon Overview and Level Annotations

Branches:
Dungeon (2/15)

Altars:

Annotations:
D:2 Crazy Yiuf


Innate Abilities, Weirdness & Mutations

You are a hulking beast.
Your limbs bulge with bestial killing power. (Slay +1)
A meltable icy envelope protects you from harm. (AC +0)
A meltable shield of frost defends you. (SH +0)


Message History

You hit the ball python.
The ball python is severely wounded.
The ball python bites you but does no damage.
The ball python closely misses you.
You hit the ball python but do no damage.
The ball python is severely wounded.
The ball python closely misses you. The ball python grabs you.
The ball python constricts you.
You closely miss the ball python.
The ball python is severely wounded.
The ball python bites you. The ball python constricts you.
You hit the ball python.
You kill the ball python!
No target in view!
You see here a quokka corpse.
You open the door.
There is an open door here.
Found a stone staircase leading up.
There is an open door here.
You see here a +0 leather armour.
You see here a +1 pair of gloves.
Found a hammer.
Found a runed translucent door.
You open the door.
Crazy Yiuf shouts!
Crazy Yiuf zaps a wand.
The puff of flame hits you.
Your icy defences dissipate!
You close the door.
Crazy Yiuf laughs, "Gum stair sanguine!"
Crazy Yiuf opens the door.
Crazy Yiuf hits you with a +3 quarterstaff of chaos!
You convulse!
* * * LOW HITPOINT WARNING * * *
There is an open translucent door here.
You completely miss Crazy Yiuf.
Crazy Yiuf hits you with a +3 quarterstaff of chaos.
* * * LOW HITPOINT WARNING * * *
It was a potion of invisibility.
You fade into invisibility!
Crazy Yiuf hits you with a +3 quarterstaff of chaos!
You die...

#....#+#######..#.
####.......#....).
#....##.#.#.##.
#######.#<#.##.
#.###.##.
##....)##. ######
#### #....####.
##...P## ###..)#
#....##...
#......####.hg..#
#....##.##
#....PP.#..##...#
#.......##
#.#....#.### ####
###'#####.
#..####### #.#
##.. ##.# #.###..#
#.# #.##..##
#.##########
#.#...#.
#[.........#
#...#...
####.......#
#..###.†


You could see Crazy Yiuf (unable to see you).

Vanquished Creatures
  5 adders (D:2)
  A worm (D:2)
  4 endoplasms
  A giant cockroach (D:2)
  3 goblins
  3 hobgoblins
  5 jackals (D:1)
  2 quokkas (D:2)
  4 ball pythons
  A bat (D:2)
  A frilled lizard (D:1)
  3 kobolds
  5 rats
38 creatures vanquished.

Notes
Turn   | Place    | Note
-------+----------+-------------------------------------------
     0 | D:1      | night the Demonspawn Shapeshifter began the quest for the
                  | Orb.
     0 | D:1      | Reached XP level 1. HP: 15/15 MP: 1/1
   117 | D:1      | Gained mutation: A meltable shield of frost defends you.
                  | (SH +0) [demonic ancestry]
   117 | D:1      | Reached XP level 2. HP: 20/21 MP: 2/2
   618 | D:1      | Upgraded the game from 0.31-a0-816-gd61d57ddb1 to
                  | 0.31-a0-841-g038b102fc3
   653 | D:2      | Gained mutation: A meltable icy envelope protects you from
                  | harm. (AC +0) [demonic ancestry]
   653 | D:2      | Reached XP level 3. HP: 25/27 MP: 3/3
   688 | D:2      | Reached skill level 2 in Fighting
   972 | D:2      | Reached XP level 4. HP: 30/34 MP: 4/4
  1244 | D:2      | Found a runed translucent door.
  1245 | D:2      | Noticed Crazy Yiuf
  1253 | D:2      | HP: 1/34 [Crazy Yiuf/+3 quarterstaff of chaos (5)]
  1254 | D:2      | Mangled by Crazy Yiuf

Illustrated notes

Levels and vault maps discovered:
D:1:      nzn_arrival_crosshair, layout_loops_ring
D:2:      minmay_alternating_diamond, layout_basic, uniq_crazy_yiuf_cottage

Skill      XL: |  1  2  3 |
---------------+----------+-----
Unarmed Combat | 3 |  3.4
Shapeshifting  | 3 |  3.3
Fighting       | 2 |  2.4
Dodging        | |  1.7

Action                     |  1- 3 |  4- 6 || total
---------------------------+-------+-------++-------
  Melee: Unarmed           |   104 |    25 ||   129
         Punch             |     4 |       ||     4
Ability: Begin Untransform |     1 |       ||     1
    Use: Scroll            |     1 |       ||     1
         Potion            |       |     1 ||     1
   Stab: Sleeping          |     2 |       ||     2
 Armour: Animal skin       |    38 |    12 ||    50
  Dodge: Dodged            |    49 |    11 ||    60
  Block: Other             |    14 |       ||    14
   Form: Beast             |     1 |       ||     1

Table legend: (Time is in decaauts)
 A = Elapsed time spent in this place.
 B = Non-inter-level travel time spent in this place.
 C = Inter-level travel time spent in this place.
 D = Time resting spent in this place.
 E = Time spent auto-exploring this place.
 F = Levels seen in this place.
 G = Mean time per level.
                   A        B        C        D        E       F      G
               +--------+--------+--------+--------+--------+-----+--------+
         Total |   1246 |   1223 |     23 |     71 |    854 |   2 |  623.0 |
       Dungeon |   1246 |   1223 |     23 |     71 |    854 |   2 |  623.0 |
               +--------+--------+--------+--------+--------+-----+--------+

Top non-repeatable levels by time:
     D:1: 635 daAuts
     D:2: 611 daAuts
